 Dungeon Crawl Stone Soup version 0.13.0-18-g7b03ea5 (webtiles) character file.

286 Malachi the Chucker (level 5, -8/50 HPs)
             Began as an Ogre Hunter on Oct 22, 2013.
             Mangled by an orc
             ... wielding a -1,+1 orcish flail
              (10 damage)
             ... on Level 3 of the Dungeon.
             The game lasted 00:03:06 (2558 turns).

Malachi the Chucker (Ogre Hunter)                   Turns: 2558, Time: 00:03:07

HP  -8/50        AC  3     Str 18      XL: 5   Next: 52%
MP   4/4         EV 10     Int 10      God:
Gold 114         SH  0     Dex 10      Spells:  0 memorised,  4 levels left

Res.Fire  : . . .   See Invis. : .   a - +1 club {=f}
Res.Cold  : . . .   Warding    : .   d - +0 animal skin
Life Prot.: . . .   Conserve   : .   (shield restricted)
Res.Poison: .       Res.Corr.  : .   (helmet restricted)
Res.Elec. : .       Clarity    : .   (no cloak)
Sust.Abil.: . .     Spirit.Shd : .   (gloves unavailable)
Res.Mut.  : .       Stasis     : .   (boots unavailable)
Res.Rott. : .       Flight     : .   (no amulet)
Saprovore : + . .                    (no ring)
                                     (no ring)

@: slightly resistant to hostile enchantments, unstealthy
A: unfitting armour, fast metabolism 1, saprovore 1, tough skin 1
a: no special abilities


You were on level 3 of the Dungeon.
You were very hungry.

You visited 1 branch of the dungeon, and saw 3 of its levels.

You collected 94 gold pieces.

Inventory:

Hand weapons
 a - a +1,+1 club (weapon) {=f}
Armour
 d - a +0 animal skin (worn)
Comestibles
 f - 2 meat rations
Scrolls
 e - a scroll of random uselessness {unknown}
 g - 2 scrolls of identify {unknown}
 h - a scroll of teleportation {unknown}
 i - a scroll of enchant weapon I {unknown}
 k - a scroll of fear {unknown}
 l - a scroll of enchant armour {unknown}
 n - a scroll of magic mapping {unknown}
Jewellery
 j - an uncursed amulet of resist mutation {unknown}
Potions
 o - a potion of heal wounds


   Skills:
 - Level 2.6 Fighting
 + Level 2.0 Maces & Flails
 * Level 7.1 Throwing
 - Level 1.7 Dodging
 - Level 0.7 Stealth


You had 4 spell levels left.
You didn't know any spells.

Dungeon Overview and Level Annotations

Branches:
Dungeon (3/27)

Altars:


Innate Abilities, Weirdness & Mutations

You are too large for most types of armour.
You have a fast metabolism.
You can tolerate rotten meat.
You have tough skin (AC +1).


Message History

The orc hits you with an orcish flail.
You hit the orc but do no damage. The orc closely misses you.
The orc hits you with an orcish flail. The orc hits you with an orcish dagger.
You barely miss the orc. The orc hits you with an orcish flail.
* * * LOW HITPOINT WARNING * * *
The orc closely misses you.
You hit the orc but do no damage. The orc closely misses you.
The orc hits you but does no damage.
You hit the orc but do no damage. The orc barely misses you.
The orc completely misses you.
You hit the orc but do no damage. The orc hits you but does no damage.
The orc misses you.
You completely miss the orc. The orc hits you with an orcish dagger.
* * * LOW HITPOINT WARNING * * *
The orc misses you. The orc hits you but does no damage.
You barely miss the orc. The orc hits you with an orcish flail!
* * * LOW HITPOINT WARNING * * *
The orc hits you but does no damage.
You barely miss the orc. The orc hits you with an orcish flail!
You die...

. #S! #.. # # #.(
..# #. ... ...# ##.
#.######....#
#...#.#(..........
#...#.#o#.# .$.#
#....So@#?##....#
#...#.###)(...#.#
## #.(.........#
#................(#
###########.#....#
....... .#....
(#### ..


You could see 2 orcs and a ball python.

Vanquished Creatures
  The ghost of Malachi the Shield-Bearer, a weakling TrFi (D:3)
  An orc priest (D:3)
  Jessica (D:2)
  3 adders (D:2)
  A worm (D:2)
  2 giant geckos
  An ooze (D:1)
  2 giant cockroaches
  4 hobgoblins
  2 jackals (D:1)
  2 kobolds
  4 bats
  3 giant newts
  6 goblins
  10 rats
43 creatures vanquished.

Notes
Turn   | Place    | Note
--------------------------------------------------------------
     0 | D:1      | Malachi, the Ogre Hunter, began the quest for the Orb.
     0 | D:1      | Reached XP level 1. HP: 20/20 MP: 0/0
   314 | D:1      | Reached XP level 2. HP: 28/28 MP: 1/1
   334 | D:1      | Reached skill level 5 in Throwing
  1229 | D:2      | Reached XP level 3. HP: 35/35 MP: 2/2
  1887 | D:2      | Noticed Jessica
  1888 | D:2      | Killed Jessica
  1888 | D:2      | Reached skill level 6 in Throwing
  1888 | D:2      | Reached XP level 4. HP: 42/44 MP: 3/3
  2511 | D:3      | Noticed Malachi's ghost (weakling TrFi)
  2517 | D:3      | Killed Malachi's ghost
  2517 | D:3      | Reached XP level 5. HP: 26/50 MP: 4/4
  2519 | D:3      | Reached skill level 7 in Throwing
  2557 | D:3      | HP: 2/50 [orc/orcish flail (8)]
  2558 | D:3      | Mangled by an orc

Action                   |  1- 3 |  4- 6 || total
-------------------------+-------+-------++-------
Melee: Club              |   128 |    43 ||   171
Throw: Javelin           |     4 |    10 ||    14
       Large rock        |     1 |     5 ||     6
       Throwing net      |       |     2 ||     2
  Use: Potion            |       |     1 ||     1
 Stab: Sleeping          |     1 |       ||     1
